 Dungeon Crawl Stone Soup version 0.01-2116-g4fbfe89bb7 (webtiles) character file.

Game seed: 13944141671124581728, levelgen mode: deterministic

4183 Lanoc the Party-goer (level 10, -2/77 HPs) Gnoll Demonspawn. Began on June 13, 2020. Was the Champion of Uskayaw. Slain by a guardian mummy ... wielding a +0 flail (17 damage) ... on level 5 of the Dungeon. The game lasted 00:15:07 (4206 turns).

Lanoc the Party-goer (Gnoll Demonspawn)             Turns: 4206, Time: 00:15:08

Health: -2/77      AC: 15    Str: 17    XL:     10 ^: 3250
Magic:  20/20      EV: 12    Int: 14    God:    Uskayaw [****** (161)]
Gold:   266        SH:  8    Dex: 18    Spells: 21/22 levels left

rFire    . . .     Vision   .   a - +0 war axe
rCold    . . .     Gourm    .     - Unarmed
rNeg     . . .     Faith    .   v - +0 plate armour
rPois    .         Spirit   .   (no helmet)
rElec    .         Reflect  .   u - +2 cloak
rCorr    +         Harm     .   (no gloves)
MR       .....                  (no boots)
Stlth    ..........             (no amulet)
HPRegen  0.35/turn              f - ring of resist corrosion
MPRegen  0.30/turn              (no ring)

@: marked, very slightly contaminated, invisible
A: distributed training, fangs 1, talons 2, large bone plates 3, demonic
guardian 1, rot immunity, strong nose
a: Stomp, Line Pass, Grand Finale, Renounce Religion


You were on level 5 of the Dungeon.
You worshipped Uskayaw.
Uskayaw was aware of your devotion.
You were very hungry.

You visited 2 branches of the dungeon, and saw 6 of its levels.

You collected 314 gold pieces.
You spent 48 gold pieces at shops.

Inventory:

Weapons
 a - a +0 war axe (weapon)
Armour
 o - the +3 hat of Pondering {ponderous, MR+ MP+10 Int+5}
   (You found it on level 4 of the Dungeon)

   It affects your intelligence (+5).
   It affects your resistance to hostile enchantments.
   It affects your magic capacity (+10).
 u - a +2 cloak (worn)
 v - a +0 plate armour (worn)
Jewellery
 f - a ring of resist corrosion (left hand)
Wands
 e - a wand of ensnaring (1)
 h - a wand of polymorph (3)
 i - a wand of flame (2)
 q - a wand of random effects (1)
Scrolls
 c - 2 scrolls of fog
 g - 5 scrolls of teleportation
 m - a scroll of amnesia
 n - 2 scrolls of magic mapping
 r - a scroll of fear
 t - 2 scrolls of enchantment
Potions
 b - a potion of cancellation
 k - 2 potions of heal wounds
 l - 2 potions of curing
 s - a potion of magic
 w - a potion of brilliance
Comestibles
 d - 12 rations


   Skills:
 + Level 6.6 Fighting
 + Level 4.6 Short Blades
 + Level 4.6 Long Blades
 + Level 6.6 Axes & Hammers
 + Level 4.6 Whips & Flails
 + Level 4.6 Polearms
 + Level 4.6 Maces & Staves
 + Level 4.6 Slings
 + Level 4.6 Bows
 + Level 4.6 Crossbows
   Level 0.0 Throwing
 + Level 4.6 Armour
 + Level 8.1 Dodging
 + Level 6.3 Stealth
 + Level 4.6 Shields
 + Level 4.6 Unarmed Combat
 + Level 6.9 Spellcasting
 + Level 3.8 Hexes
 + Level 3.8 Charms
 + Level 3.8 Summonings
 + Level 3.8 Necromancy
 + Level 3.8 Translocations
 + Level 3.8 Transmutations
 + Level 3.8 Fire Magic
 + Level 3.8 Ice Magic
 + Level 3.8 Air Magic
 + Level 3.8 Earth Magic
 + Level 3.8 Poison Magic
 + Level 10.0 Invocations
 + Level 4.6 Evocations


You had 21 spell levels left.
You knew the following spells:

 Your Spells              Type           Power        Failure   Level  Hunger
a - Flame Tongue          Fire           15 (40)      19%         1    None

Your spell library contained the following spells:

 Spells                   Type           Power        Failure   Level  Hunger
 Beastly Appendage        Tmut           15 (50)      19%         1    None
 Freeze                   Ice            15 (25)      19%         1    None
 Blink                    Tloc           N/A          28%         2    #......
 Call Imp                 Summ           15 (100)     28%         2    #......
 Slow                     Hex            15 (100)     28%         2    #......
 Sticks to Snakes         Tmut           15 (100)     28%         2    #......
 Throw Frost              Ice            15 (50)      28%         2    #......
 Conjure Flame            Fire           15 (100)     50%         3    ##.....
 Mephitic Cloud           Pois/Air       15 (100)     50%         3    ##.....
 Ozocubu's Armour         Chrm/Ice       15 (100)     50%         3    ##.....
 Snakes to Sticks         Hex/Tmut       15 (100)     50%         3    ##.....
 Spider Form              Tmut/Pois      15 (200)     50%         3    ##.....
 Hailstorm                Ice            15 (100)     88%         4    ####...
 Ice Form                 Ice/Tmut       15 (100)     88%         4    ####...
 Summon Ice Beast         Ice/Summ       15 (100)     88%         4    ####...
 Throw Icicle             Ice            15 (100)     88%         4    ####...
 Blade Hands              Tmut           15 (200)     99%         5    ######.


Dungeon Overview and Level Annotations

Branches:
Dungeon (5/8)              Temple (1/1) D:4            Lair (0/6) D:5

Altars:
Ashenzari
Cheibriados
Dithmenos
Fedhas
Hepliaklqana
Kikubaaqudgha
Makhleb
Okawaru
Qazlal
Ru
Sif Muna
Trog
Uskayaw
Vehumet
Xom
Yredelemnul
Zin
The Shining One

Shops:
D:3 =   D:4 }*


Innate Abilities, Weirdness & Mutations

Your experience applies equally to all skills.
You have very sharp teeth.
You have razor-sharp toenails.
You are completely covered in large bone plates. (SH +8)
A weak demonic guardian rushes to your aid.
You are immune to rotting.
Your uncanny sense of smell can sniff out nearby items.


Message History

Your quasit barely misses the warg (0).
You block the guardian mummy's attack.
Uskayaw links your audience in an emotional bond!
You hit the troll (3).
The troll is almost dead. (4/41) HP You hit the guardian mummy (1).
You catch the helpless troll completely off-guard!
You hit the troll but do no damage. You claw the troll (1).
The troll is almost dead. (3/41) HP The warg bites your quasit (5).
The warg barely misses your quasit (0).
Your quasit barely misses the warg (0).
Your quasit closely misses the warg (0).
Your quasit claws the warg but does no damage.
The troll bites you (10)!
* * * LOW HITPOINT WARNING * * *
You block the troll's attack. The troll claws you (4).
* * * LOW HITPOINT WARNING * * *
The warg misses your quasit (0).
The orc priest hits your ufetubus but does no damage.
The guardian mummy hits you with a +0 flail (17)!
You die... ######### .....# ........# ....# #.####.## ....## .†####..# ZZZZ

#.......# #ZZ# ### #.####..# #ZZ#
∆ ##.# #...##..# #ZZ#∆∆∆ 5..#
#.#.##..######MM######.##
#.#.......o.ZooT@..#....#
..####.#.#...8h58...#############
### #..##..o.h5................#
#.###....o.#).##########....
#.###.#.#.#†............)...
#.............#########.#'##
#####)#.#...######### #.#.†#
#.....#.........###.#.##
###.#...##.####.....#..#


You could see 2 guardian mummies, a troll, 2 wargs, 2 orc priests, an orc
wizard, 2 orcs, 2 adder zombies, a porcupine zombie, 2 hound zombies, 2 worker
ant zombies, 2 hound skeletons, a bullfrog skeleton, a friendly quasit and a
friendly ufetubus.

Vanquished Creatures
  Maurice (D:4)
  Prince Ribbit (D:3)
  A spriggan (D:5)
  A warg (D:5)
  2 necrophages (D:5)
  A phantom (D:3)
  3 porcupines
  2 orc warriors
  3 sky beasts
  3 ogres
  2 crocodiles (D:2)
  4 big kobolds (D:2)
  3 bullfrogs
  4 hounds
  5 jellies
  4 orc priests
  4 orc wizards
  An iguana (D:4)
  Natasha (D:2)
  8 worker ants
  A wyvern zombie (D:5)
  An iron imp (D:4)
  3 bullfrog zombies
  2 bullfrog skeletons
  2 porcupine skeletons
  11 adders
  26 sewer rats (D:2)
  8 cinder newts
  4 worms
  A howler monkey skeleton (D:5)
  A killer bee zombie (D:5)
  2 worker ant zombies (D:5)
  2 oozes (D:2)
  A hound skeleton (D:3)
  7 leopard geckos (D:2)
  17 orcs
  An adder skeleton (D:5)
  An adder zombie (D:5)
  3 ball pythons
  2 bats (D:2)
  8 giant cockroaches
  A goblin (D:1)
  3 hobgoblins (D:1)
  20 kobolds
  4 quokkas
  A goblin skeleton (D:2)
  A quokka skeleton (D:3)
  5 rats
  A rat skeleton (D:2)
194 creatures vanquished.

Vanquished Creatures (collateral kills)
  A hornet (D:5)
  An orc wizard (D:5)
  A bullfrog zombie (D:5)
  2 adders (D:2)
  A kobold (D:2)
6 creatures vanquished.

Vanquished Creatures (others)
  A centaur (D:5)
  An orc wizard (D:5)
  Natasha (D:2)
  An adder (D:2)
  A ball python (D:2)
  A kobold (D:2)
  A plant (D:5)
  19 withered plants (D:2)
26 creatures vanquished.

Grand Total: 226 creatures vanquished

Notes
Turn   | Place    | Note
-------+----------+-------------------------------------------
     0 | D:1      | Lanoc the Gnoll Demonspawn began the quest for the Orb.
     0 | D:1      | Reached XP level 1. HP: 20/20 MP: 6/6
    92 | D:1      | Gained mutation: You are partially covered in large bone
                  | plates. (SH +4) [demonic ancestry]
    92 | D:1      | Reached XP level 2. HP: 26/26 MP: 7/7
   210 | D:2      | Found a glowing silver altar of Zin.
   242 | D:2      | Reached XP level 3. HP: 15/31 MP: 6/9
   294 | D:2      | Reached skill level 5 in Spellcasting
   304 | D:2      | Gained mutation: You have sharp toenails. [demonic
                  | ancestry]
   304 | D:2      | Reached XP level 4. HP: 37/38 MP: 6/11
   306 | D:2      | Reached skill level 1 in Short Blades
   306 | D:2      | Reached skill level 1 in Long Blades
   306 | D:2      | Reached skill level 1 in Whips & Flails
   306 | D:2      | Reached skill level 1 in Polearms
   306 | D:2      | Reached skill level 1 in Maces & Staves
   306 | D:2      | Reached skill level 1 in Slings
   306 | D:2      | Reached skill level 1 in Bows
   306 | D:2      | Reached skill level 1 in Crossbows
   306 | D:2      | Reached skill level 1 in Armour
   306 | D:2      | Reached skill level 1 in Shields
   306 | D:2      | Reached skill level 1 in Unarmed Combat
   306 | D:2      | Reached skill level 1 in Evocations
   342 | D:2      | Reached skill level 1 in Hexes
   342 | D:2      | Reached skill level 1 in Charms
   342 | D:2      | Reached skill level 1 in Summonings
   342 | D:2      | Reached skill level 1 in Necromancy
   342 | D:2      | Reached skill level 1 in Translocations
   342 | D:2      | Reached skill level 1 in Transmutations
   342 | D:2      | Reached skill level 1 in Fire Magic
   342 | D:2      | Reached skill level 1 in Ice Magic
   342 | D:2      | Reached skill level 1 in Air Magic
   342 | D:2      | Reached skill level 1 in Earth Magic
   342 | D:2      | Reached skill level 1 in Poison Magic
   342 | D:2      | Gained mutation: You are mostly covered in large bone
                  | plates. (SH +6) [demonic ancestry]
   342 | D:2      | Reached XP level 5. HP: 24/43 MP: 8/12
   357 | D:2      | Reached skill level 7 in Invocations
   358 | D:2      | Killed Natasha
   381 | D:3      | Noticed a porcupine
   411 | D:2      | Gained mutation: You are completely covered in large bone
                  | plates. (SH +8) [demonic ancestry]
   411 | D:2      | Reached XP level 6. HP: 13/50 MP: 10/13
   497 | D:3      | Noticed Prince Ribbit
   684 | D:2      | Reached skill level 5 in Fighting
   684 | D:2      | Reached skill level 5 in Axes & Hammers
   697 | D:2      | Reached XP level 7. HP: 54/56 MP: 15/15
   721 | D:3      | Found Qydeib's Jewellery Boutique.
   869 | D:3      | Found a shimmering blue altar of Sif Muna.
   929 | D:2      | Gained mutation: A weak demonic guardian rushes to your
                  | aid. [demonic ancestry]
   929 | D:2      | Reached XP level 8. HP: 21/62 MP: 11/16
   934 | D:2      | Reached skill level 5 in Stealth
  1091 | D:2      | Reached skill level 8 in Invocations
  1826 | D:2      | Noticed Natasha
  1834 | D:2      | Killed Natasha
  1990 | D:3      | Killed Prince Ribbit
  2100 | D:3      | Gained mutation: You are immune to rotting. [demonic
                  | ancestry]
  2100 | D:3      | Reached XP level 9. HP: 64/69 MP: 18/18
  2229 | D:4      | Found Ikegujos's Assorted Antiques.
  2230 | D:4      | Found the +3 hat of Pondering {ponderous, MR+ MP+10 Int+5}
  2236 | D:4      | Bought a scroll labeled DUNUFY XONK for 24 gold pieces
  2236 | D:4      | Bought a scroll labeled ZETABR VEAPU for 24 gold pieces
  2314 | D:4      | Found Ohaebb's Gadget Emporium.
  2336 | D:4      | Found a staircase to the Ecumenical Temple.
  2354 | Temple   | Entered the Ecumenical Temple
  2544 | Temple   | Became a worshipper of Uskayaw the Reveler
  2625 | D:4      | Reached * piety under Uskayaw
  2679 | D:4      | Noticed Maurice
  2686 | D:4      | Reached ** piety under Uskayaw
  2692 | D:4      | Reached *** piety under Uskayaw
  2725 | D:4      | Killed Maurice
  2725 | D:4      | Reached skill level 9 in Invocations
  3239 | D:5      | Entered Level 5 of the Dungeon
  3259 | D:5      | Reached **** piety under Uskayaw
  3515 | D:5      | Gained mutation: You have razor-sharp toenails. [demonic
                  | ancestry]
  3515 | D:5      | Reached XP level 10. HP: 71/77 MP: 20/20
  3900 | D:5      | Found a staircase to the Lair.
  4193 | D:5      | Reached skill level 10 in Invocations
  4195 | D:5      | Reached ***** piety under Uskayaw
  4205 | D:5      | Reached ****** piety under Uskayaw
  4206 | D:5      | Slain by a guardian mummy

Levels and vault maps discovered:
D:1:      co_arrival_random_square_maze, layout_loops_cross,
          grunt_decor_arrowhead, minmay_tetromino_l4
D:2:      layout_sewer, basic_altar, uniq_natasha
D:3:      layout_rooms, led_sif_book, first_ration, serial_shops,
          nicolae_shop_crystal, uniq_prince_ribbit1
D:4:      layout_loops_ring, minmay_temple_entry_offerings, serial_shops, shop,
          nicolae_shop_waterfront, uniq_maurice
D:5:      layout_loops_ring, erik_lair_orcish_takeover, the_bakery,
          ossuary_tomb_1
Temple:   regret_index_temple_sphere_string

Skill      XL: |  1  2  3  4  5  6  7  8  9 10 |
---------------+-------------------------------+-----
Spellcasting   | 5 6 |  6.9
Short Blades   | 1 2 3 4 |  4.6
Long Blades    | 1 2 3 4 |  4.6
Whips & Flails | 1 2 3 4 |  4.6
Polearms       | 1 2 3 4 |  4.6
Maces & Staves | 1 2 3 4 |  4.6
Slings         | 1 2 3 4 |  4.6
Bows           | 1 2 3 4 |  4.6
Crossbows      | 1 2 3 4 |  4.6
Armour         | 1 2 3 4 |  4.6
Shields        | 1 2 3 4 |  4.6
Unarmed Combat | 1 2 3 4 |  4.6
Evocations     | 1 2 3 4 |  4.6
Hexes          | 1 2 3 |  3.8
Charms         | 1 2 3 |  3.8
Summonings     | 1 2 3 |  3.8
Necromancy     | 1 2 3 |  3.8
Translocations | 1 2 3 |  3.8
Transmutations | 1 2 3 |  3.8
Fire Magic     | 1 2 3 |  3.8
Ice Magic      | 1 2 3 |  3.8
Air Magic      | 1 2 3 |  3.8
Earth Magic    | 1 2 3 |  3.8
Poison Magic   | 1 2 3 |  3.8
Invocations    | 7 8 9 10 | 10.0
Fighting       | 5 6 |  6.6
Axes & Hammers | 5 6 |  6.6
Dodging        | 7 8 |  8.1
Stealth        | 5 6 |  6.3

Action                   |  1- 3 |  4- 6 |  7- 9 | 10-12 || total
-------------------------+-------+-------+-------+-------++-------
Melee: War axe           |    28 |    67 |   248 |    65 ||   408
       Unarmed           |    19 |    51 |   192 |    71 ||   333
       Bite              |     1 |    11 |    32 |    12 ||    56
       Kick              |       |    21 |   100 |    35 ||   156
Throw: Rusty metal       |     1 |       |       |       ||     1
 Cast: Flame Tongue      |     8 |    18 |    35 |       ||    61
Invok: Stomp             |       |       |     2 |       ||     2
  Use: Potion            |       |       |       |     4 ||     4
 Stab: Sleeping          |     1 |       |     6 |     1 ||     8
       Distracted        |       |       |     2 |     1 ||     3
       Paralysed         |       |       |     8 |    14 ||    22
       Invisible         |       |       |       |     2 ||     2
  Eat: Chunk             |       |       |    11 |     1 ||    12
Armor: Leather armour    |     3 |     4 |    12 |       ||    19
       Plate armour      |       |       |    25 |    61 ||    86
       Skin              |       |       |       |    19 ||    19
Dodge: Dodged            |    40 |    61 |   180 |    44 ||   325
Block: Other             |     3 |    26 |   106 |    18 ||   153
